 Dungeon Crawl Stone Soup version 0.28.0-49-g6dfe1f597d (webtiles) character file.

Game seed: 3632970229095311898

31 Zeld the Skirmisher (level 3, -1/34 HPs)
             Began as a Naga Fighter on May 15, 2022.
             Slain by Robin
             ... wielding a +0 whip
              (6 damage)
             ... on level 1 of the Dungeon.
             The game lasted 00:01:29 (1230 turns).

Zeld the Skirmisher (Naga Fighter)                  Turns: 1230, Time: 00:01:30

Health: -1/34      AC:  4    Str: 20    XL:     3   Next: 22%
Magic:  3/3        EV:  7    Int:  8    God:
Gold:   62         SH:  4    Dex: 10    Spells: 2/2 levels left

rFire   . . .      SeeInvis +   a - +0 trident
rCold   . . .      Faith    .   c - +0 buckler
rNeg    . . .      Spirit   .   b - +0 scale mail
rPois   +          Reflect  .   (no helmet)
rElec   .          Harm     .   (no cloak)
rCorr   .          Rampage  .   (no gloves)
Will    .....                   (no barding)
Stlth   ..........              (no amulet)
HPRegen 0.11/turn               (no ring)
MPRegen 0.08/turn               (no ring)

@: short of breath, very slow
A: AC +1, large, see invisible, deformed body, poison resistance, slowness 2,
spit poison 1, naga tail 1
a: Spit Poison


You were on level 1 of the Dungeon.
You visited 1 branch of the dungeon, and saw 2 of its levels.

You collected 62 gold pieces.

Inventory:

Hand Weapons
 a - a +0 trident (weapon)
Missiles
 g - 3 poisoned darts (quivered)
Armour
 b - a +0 scale mail (worn)
 c - a +0 buckler (worn)
Scrolls
 f - a scroll of vulnerability {unknown}
Potions
 d - a potion of might
 e - a potion of brilliance {unknown}


   Skills:
 * Level 3.2 Fighting
 * Level 2.2 Polearms
 + Level 0.2 Throwing
 + Level 2.5 Armour
 + Level 0.4 Dodging
 * Level 1.6 Stealth
 * Level 2.6 Shields


You had 2 spell levels left.
You didn't know any spells.
Your spell library was empty.

Dungeon Overview and Level Annotations

Branches:
Dungeon (2/15)

Altars:

Annotations:
D:1 Robin


Innate Abilities, Weirdness & Mutations

Your serpentine skin is tough. (AC +1)
You have supernaturally acute eyesight. (SInv)
Armour fits poorly on your strangely shaped body.
Your system is resistant to poisons. (rPois)
You cover ground very slowly.
You can spit poison.
You have a snake-like lower body.


Message History

You climb downwards.
Level annotation: Robin The goblin shouts!
Robin hits you with a +0 whip.
A ball python comes into view.
The goblin hits you but does no damage.
There is a stone staircase leading up, spattered with blood here.
Things that are here:
a +0 club; a goblin skeleton The goblin hits you but does no damage.
You climb upwards.
There is a stone staircase leading down, spattered with blood here.
You barely miss Robin.
Robin roars a battlecry!
The goblin goes into a battle-frenzy!
The goblin hits you with a +0 dagger.
You closely miss Robin. Robin hits you with a +0 whip.
The goblin hits you with a +0 dagger. You block Robin's attack.
The goblin hits you with a +0 dagger.
You are too injured to fight recklessly!
You are too injured to fight recklessly!
You are too injured to fight recklessly!
Robin throws the goblin at you! The goblin hits you with a +0 dagger.
You closely miss the goblin. The goblin hits you but does no damage.
You barely miss the goblin. Robin hits you with a +0 whip.
You block the goblin's attack.
You closely miss the goblin. Robin hits you with a +0 whip.
* * * LOW HITPOINT WARNING * * *
The goblin hits you with a +0 dagger.
* * * LOW HITPOINT WARNING * * *
Robin hits you but does no damage. The goblin hits you with a +0 dagger.
* * * LOW HITPOINT WARNING * * *
Unknown command.
Aiming: Spit Poison (2% risk of failure)
Press: ? - help, Shift-Dir - straight line, f - goblin
Aim: a goblin, wielding a +0 dagger (strong, 50% to hit)
The splash of poison hits the goblin!
The goblin is poisoned.
You kill the goblin!
Robin hits you with a +0 whip.
You die...

##....# #.### #.##.# #.# #.##.#
#.#### #..#.# #..... ##.#.#
###### #...# #..... ##.)# #.....
### #(g# #..... ..# ##@# ##'#.#
#.# #)# ########.#+# #.# #.#
#....#...†.. #.##############.#
#....'.).... #.......(........#
#....#......
............##########....###....
.####................#....# #....
.# #.......#..##....#)...# #....
†# #....####..##....#....# #....


You could see Robin.

Vanquished Creatures
  A dart slug (D:1)
  3 ball pythons (D:1)
  3 bats (D:1)
  An endoplasm (D:1)
  2 giant cockroaches (D:1)
  3 hobgoblins
  A quokka (D:1)
  2 frilled lizards (D:1)
  6 goblins
  3 kobolds (D:1)
  3 rats (D:1)
28 creatures vanquished.

Notes
Turn   | Place    | Note
-------+----------+-------------------------------------------
     0 | D:1      | Zeld the Naga Fighter began the quest for the Orb.
     0 | D:1      | Reached XP level 1. HP: 21/21 MP: 1/1
   128 | D:1      | Found a faded altar of an unknown god.
   215 | D:1      | Reached XP level 2. HP: 27/28 MP: 2/2
   286 | D:1      | Reached skill level 1 in Stealth
   893 | D:1      | Reached XP level 3. HP: 34/34 MP: 3/3
   944 | D:2      | Noticed Robin
  1230 | D:1      | Slain by Robin

Illustrated notes

Levels and vault maps discovered:
D:1:      matt_arrival_spirals, layout_basic, hellmonk_ecumenical_altar_run_dry
D:2:      layout_basic, serial_rivers, chequers_serial_rivers_large_a,
          chequers_serial_rivers_micro_a, chequers_serial_rivers_small_b,
          chequers_serial_rivers_micro_c, chequers_serial_rivers_micro_d,
          chequers_serial_rivers_micro_d, kennysheep_big_empty_room, uniq_robin

Skill      XL: |  1  2 |
---------------+-------+-----
Stealth        | 1 |  1.6
Fighting       | |  3.2
Polearms       | |  2.2
Throwing       | |  0.2
Armour         | |  2.5
Dodging        | |  0.4
Shields        | |  2.6

Action                   || total
-------------------------++-------
Melee: Trident           ||    92
Throw: Dart              ||     1
 Abil: Spit Poison       ||     3
Armor: Scale mail        ||    42
Dodge: Dodged            ||    29
Block: Buckler           ||    21
